 Dungeon Crawl Stone Soup version 0.17.1-3-g152610e (console) character file.

2454 utis the Carver (level 9, -9/79 HPs)
             Began as a Hill Orc Fighter on Feb 20, 2016.
             Was a Believer of Beogh.
             Mangled by F1L1N's ghost (11 damage)
             ... on level 7 of the Dungeon.
             The game lasted 00:21:20 (8202 turns).

utis the Carver (Hill Orc Fighter)                  Turns: 8202, Time: 00:21:20

Health: -9/79      AC: 18    Str: 24    XL:     9   Next: 50%
Magic:  9/9        EV:  6    Int:  8    God:    Beogh [**....]
Gold:   279        SH: 10    Dex: 13    Spells: 0 memorised, 8 levels left

rFire  . . .     SeeInvis .     a - +0 long sword
rCold  . . .     Clarity  .     i - +3 chain mail
rNeg   . . .     SustAt   .     c - +0 shield
rPois  .         Gourm    .     s - +0 helmet
rElec  .         Spirit   .     k - +0 cloak
rCorr  +         Warding  .     (no gloves)
rMut   .         Stasis   .     (no boots)
MR     .....                    R - amulet of resist corrosion
Stlth  ..........               (no ring)
                                (no ring)

@: mighty, very slightly contaminated, hasted, very quick, not resistant to
hostile enchantments, extremely unstealthy
A: no striking features
a: Smiting, Renounce Religion


You were on level 7 of the Dungeon.
You worshipped Beogh.
Beogh was pleased with you.
You were hungry.

You visited 1 branch of the dungeon, and saw 7 of its levels.

You collected 279 gold pieces.

Inventory:

Hand Weapons
 a - a +0 long sword (weapon)
Missiles
 g - 40 poisoned needles
 h - 108 stones (quivered)
 n - 123 sling bullets
 y - a throwing net {=f}
Armour
 b - a +0 scale mail
 c - a +0 shield (worn)
 i - a +3 chain mail (worn)
 k - a +0 cloak (worn)
 o - a +0 fire dragon armour
 s - a +0 helmet (worn)
Jewellery
 R - an amulet of resist corrosion (around neck)
Wands
 t - a wand of flame (48)
 C - a wand of magic darts (28)
Scrolls
 r - a scroll of recharging
 u - a scroll of noise
 x - a scroll of fear
Potions
 d - 2 potions of might
 j - 2 potions of resistance
 q - 2 potions of cancellation
 w - a potion of invisibility {unknown}
 A - a potion of poison {unknown}
Comestibles
 e - 4 bread rations {@e1}
 l - a royal jelly {@e3}
 z - a meat ration {@e1}


   Skills:
 + Level 7.4 Fighting
 + Level 9.2 Long Blades
 * Level 9.1 Armour
 - Level 3.2 Shields
 + Level 0.0 Invocations


You had 8 spell levels left.
You didn't know any spells.

Dungeon Overview and Level Annotations

Branches:
Dungeon (7/15)             Temple (0/1) D:6

Altars:
Cheibriados
Fedhas
Vehumet
Jiyva

Shops:
D:6 }

Annotations:
D:7 F1L1N's ghost, novice TrBe


Message History

Okay, then.
Unknown command.
Read which item? (? for menu, Esc to quit)
As you read the scroll labeled YKHLAQUTIAKK, it crumbles to dust.
You hear a loud clanging noise!
It was a scroll of noise.
Read which item? (? for menu, Esc to quit)
Okay, then.
Drink which item? (? for menu, Esc to quit)
Okay, then.
Drink which item? (? for menu, Esc to quit)
Okay, then.
You fail to use your ability.
You fail to use your ability.
F1L1N's ghost hits you.
* * * LOW HITPOINT WARNING * * *
Unknown command.
You slash F1L1N's ghost!
F1L1N's ghost is moderately damaged.
F1L1N's ghost hits you!
You die...

░..░░..░░....░░..░
...░░..░░....░░..░
...░........<░...░
░..░░........░...░
░.)░░..░░░...░░░'░
...░░..░░░...░░..░
.......)'.....░..░
........░.....░.W░
........░.....░.o░
░░░░░░░░░░░░░░░░░░


You could see F1L1N's ghost.

Vanquished Creatures
  Pikel (D:5)
  Sigmund (D:3)
  An ice beast (D:7)
  3 ogres
  An orc warrior (D:3)
  A slave (D:5)
  A black bear (D:6)
  A sky beast (D:4)
  2 centaurs (D:5)
  A giant frog (D:6)
  2 scorpions
  A crimson imp (D:6)
  2 hounds
  A giant frog zombie (D:5)
  A jelly (D:5)
  2 orc priests (D:7)
  2 gnoll shamans
  A giant frog skeleton (D:7)
  2 iguanas
  3 orc wizards
  3 worker ants
  A hound skeleton (D:6)
  Robin (D:3)
  12 gnolls
  12 adders
  A river rat (D:5)
  A shadow imp (D:5)
  3 oozes (D:5)
  2 adder skeletons
  4 worms
  5 giant geckos
  18 orcs
  3 ball pythons
  6 giant cockroaches
  13 goblins
  4 hobgoblins
  9 jackals (D:2)
  7 kobolds
  5 bats
  2 giant gecko skeletons
  3 giant newts
  A jackal skeleton (D:4)
  A quokka (D:3)
  A quokka zombie (D:7)
  6 rats
154 creatures vanquished.

Vanquished Creatures (others)
  A slave (D:5)
  An orc priest (D:5)
  2 gnolls (D:5)
  2 adders (D:5)
  2 orcs (D:5)
8 creatures vanquished.

Grand Total: 162 creatures vanquished

Notes
Turn   | Place    | Note
--------------------------------------------------------------
     0 | D:1      | utis the Hill Orc Fighter began the quest for the Orb.
     0 | D:1      | Reached XP level 1. HP: 19/19 MP: 1/1
   370 | D:1      | Reached XP level 2. HP: 21/26 MP: 2/2
  1266 | D:2      | Reached XP level 3. HP: 21/31 MP: 3/3
  1491 | D:2      | Reached skill level 4 in Long Blades
  1938 | D:2      | Reached XP level 4. HP: 33/39 MP: 4/4
  2481 | D:3      | Noticed Sigmund
  2500 | D:3      | Killed Sigmund
  2500 | D:3      | Reached skill level 6 in Long Blades
  2500 | D:3      | Reached XP level 5. HP: 30/45 MP: 5/5
  2500 | D:3      | Reached XP level 6. HP: 34/51 MP: 6/6
  2633 | D:3      | Noticed Robin
  2648 | D:3      | Killed Robin
  3468 | D:3      | Reached skill level 7 in Long Blades
  3557 | D:4      | Reached XP level 7. HP: 58/60 MP: 7/7
  4080 | D:4      | Reached skill level 5 in Armour
  4506 | D:4      | Found a snail-covered altar of Cheibriados.
  4658 | D:4      | Reached skill level 5 in Fighting
  5007 | D:5      | Entered Level 5 of the Dungeon
  5336 | D:4      | Reached XP level 8. HP: 46/69 MP: 8/8
  5565 | D:5      | Became a worshipper of Beogh the Brigand
  5583 | D:5      | Found a blossoming altar of Fedhas.
  5709 | D:5      | Noticed Pikel
  5713 | D:5      | Found a viscous altar of Jiyva.
  5750 | D:5      | Killed Pikel
  5750 | D:5      | Reached skill level 8 in Long Blades
  6313 | D:5      | Reached XP level 9. HP: 69/78 MP: 9/9
  6390 | D:5      | Reached * piety under Beogh
  6540 | D:6      | Found a staircase to the Ecumenical Temple.
  6732 | D:6      | Found a radiant altar of Vehumet.
  7035 | D:6      | Found Toaxoada's Gadget Shop.
  7360 | D:6      | Reached skill level 9 in Long Blades
  7809 | D:7      | Reached ** piety under Beogh
  7931 | D:7      | Noticed F1L1N's ghost (novice TrBe)
  8201 | D:7      | HP: 2/79 [F1L1N's ghost (5)]
  8202 | D:7      | Mangled by F1L1N's ghost

Action                   |  1- 3 |  4- 6 |  7- 9 || total
-------------------------+-------+-------+-------++-------
Melee: Long sword        |   133 |   150 |   501 ||   784
Throw: Stone             |    35 |    14 |    58 ||   107
Invok: Convert to Beogh  |       |       |     1 ||     1
  Use: Scroll            |       |     4 |     7 ||    11
       Potion            |       |     1 |     6 ||     7
  Eat: Chunk             |     3 |     5 |    14 ||    22
       Royal jelly       |       |       |     1 ||     1
